Map: Glittering Ashes LE

Players

Trap - Winner!

  • Race: Protoss Protoss

Reynor

  • Race: Zerg Zerg

Event: TSL 8

VOD

Have the link to the VOD?

Description

Time

  • Played on: Dec. 11, 2021, 9:21 a.m.
  • Length: 19:24

All games in this series

Show
View Real Time Build Order
Export as new Build Order

Trap Protoss - Winner!

Build Orders: 1 Gate Expand, Oracle Opening, Carriers 

Get SALT Encoding   

  12  0:00  Probe  
  13  0:13  Pylon  
  13  0:17  Probe (Chrono Boost)  
  14  0:27  Probe (Chrono Boost)  
  15  0:32  Probe (Chrono Boost)  
  16  0:41  Gateway  
  16  0:43  Probe  
  16  0:47  Assimilator  
  17  0:56  Probe  
  18  1:08  Probe  
  19  1:20  Probe  
  19  1:24  Nexus  
  20  1:34  Cybernetics Core  
  20  1:36  Probe  
  21  1:43  Assimilator  
  21  1:49  Probe  
  21  1:52  Pylon  
  22  2:00  Probe  
  23  2:07  Adept (Chrono Boost)  
  23  2:08  Probe  
  26  2:16  Probe, Stargate  
  27  2:26  Warp Gate  
  27  2:29  Probe (Chrono Boost)  
  28  2:32  Adept  
  28  2:36  Probe (Chrono Boost)  
  33  2:45  Probe x2 (Chrono Boost)  
  33  2:50  Probe (Chrono Boost)  
  33  2:51  Probe  
  33  2:53  Void Ray (Chrono Boost)  
  35  3:03  Probe x2  
  27  3:05  Adept  
  41  3:10  Pylon  
  43  3:15  Probe x2  
  45  3:20  Gateway  
  45  3:27  Probe  
  45  3:28  Oracle (Chrono Boost), Probe  
  50  3:39  Probe  
  50  3:40  Probe  
  52  3:51  Nexus  
  52  3:55  Pylon  
  52  3:56  Probe  
  52  3:57  Probe  
  52  4:00  Pylon  
  54  4:03  Assimilator  
  54  4:07  Assimilator  
  54  4:13  Probe x2  
  56  4:21  Protoss Air Weapons Level 1  
  52  4:24  Stargate  
  52  4:25  Probe x2  
  52  4:29  Forge  
  54  4:31  Adept  
  54  4:32  Adept  
  60  4:38  Probe x2 (Chrono Boost)  
  60  4:40  Void Ray  
  60  4:41  Shield Battery  
  60  4:50  Probe x2 (Chrono Boost)  
  66  4:55  Pylon  
  66  4:58  Probe x2 (Chrono Boost)  
  68  5:02  Void Ray  
  68  5:04  Probe x2  
  68  5:05  Probe  
  75  5:14  Assimilator  
  75  5:15  Assimilator  
  75  5:17  Void Ray  
  75  5:19  Probe (Chrono Boost)  
  75  5:20  Probe x2 (Chrono Boost)  
  78  5:25  Robotics Facility  
  82  5:29  Shield Battery  
  82  5:32  Probe (Chrono Boost)  
  82  5:34  Probe (Chrono Boost)  
  82  5:35  Probe (Chrono Boost)  
  85  5:37  Probe (Chrono Boost)  
  85  5:41  Probe  
  85  5:42  Probe  
  88  5:47  Pylon  
  88  5:50  Probe  
  88  5:51  Fleet Beacon  
  88  5:53  Pylon  
  88  5:56  Stargate, Pylon  
  87  6:06  Probe x2  
  87  6:07  Probe  
  88  6:11  Photon Cannon  
  88  6:14  Robotics Bay  
  88  6:21  Shield Battery  
  88  6:22  Nexus  
  88  6:24  Observer  
  89  6:30  Zealot x2  
  89  6:31  Pylon  
  93  6:36  Gateway x2  
  93  6:39  Pylon  
  93  6:41  Carrier (Chrono Boost)  
  96  6:48  Carrier (Chrono Boost)  
  96  6:54  Carrier (Chrono Boost)  
  108  7:02  Disruptor (Chrono Boost)  
  108  7:06  Photon Cannon  
  111  7:09  Photon Cannon  
  111  7:13  Shield Battery  
  111  7:16  Shield Battery  
  111  7:20  Sentry  
  113  7:23  Probe x2  
  113  7:24  Probe  
  116  7:35  Pylon  
  116  7:37  Carrier (Chrono Boost)  
  116  7:41  Probe x4  
  116  7:42  Carrier (Chrono Boost)  
  132  7:46  Assimilator  
  132  7:48  Assimilator  
  132  7:53  Carrier (Chrono Boost)  
  138  7:58  Photon Cannon  
  138  7:59  Photon Cannon  
  138  8:03  Protoss Ground Weapons Level 1 (Chrono Boost)  
  138  8:04  Photon Cannon  
  138  8:10  Twilight Council  
  138  8:12  Probe x4  
  142  8:14  Disruptor (Chrono Boost)  
  143  8:27  Observer  
  143  8:28  Flux Vanes  
  143  8:34  Phoenix  
  143  8:35  Gateway  
  143  8:37  Charge, Gateway  
  143  8:38  Gateway  
  143  8:40  Zealot  
  145  8:41  Protoss Air Weapons Level 2 (Chrono Boost)  
  145  8:42  Gateway  
  145  8:44  Gateway  
  145  8:55  Templar Archives  
  145  8:58  Gateway  
  145  8:59  Gateway  
  145  9:05  Gateway x2  
  145  9:10  Gateway  
  145  9:11  Pylon  
  145  9:12  Warp Prism (Chrono Boost)  
  145  9:13  Pylon  
  145  9:16  Gravitic Drive  
  145  9:25  Zealot  
  145  9:26  Zealot x2  
  145  9:28  Psionic Storm  
  147  9:34  Robotics Facility  
  147  9:42  High Templar x3  
  147  9:43  High Templar x2  
  157  9:53  Photon Cannon  
  157  9:55  Disruptor  
  157  9:58  High Templar x2, Photon Cannon  
  161  10:01  Pylon  
  161  10:02  Archon, Pylon  
  161  10:05  Pylon  
  162  10:13  Protoss Ground Weapons Level 2 (Chrono Boost)  
  162  10:18  Pylon  
  162  10:24  Nexus  
  162  10:31  Carrier (Chrono Boost)  
  162  10:32  Carrier (Chrono Boost)  
  180  10:43  Pylon  
  180  10:49  Blink  
  180  10:50  Carrier (Chrono Boost)  
  180  10:54  Zealot x2, Pylon  
  184  11:07  Photon Cannon  
  184  11:09  Photon Cannon  
  184  11:11  Photon Cannon, Observer  
  185  11:13  Shield Battery  
  185  11:14  Shield Battery  
  185  11:15  Protoss Air Weapons Level 3 (Chrono Boost)  
  183  11:32  Nexus  
  183  11:34  Pylon  
  183  11:36  Carrier (Chrono Boost)  
  191  11:45  Mothership (Chrono Boost)  
  191  11:46  Assimilator  
  197  11:48  Assimilator  
  197  11:49  Carrier (Chrono Boost)  
  197  11:53  Forge  
  197  11:58  Photon Cannon  
  197  12:02  Photon Cannon  
  197  12:03  Photon Cannon  
  197  12:08  Photon Cannon  
  197  12:09  Photon Cannon x2  
  197  12:11  Photon Cannon  
  197  12:14  Oracle  
  200  12:24  Shield Battery  
  200  12:26  Shield Battery  
  200  12:29  Photon Cannon  
  200  12:33  Pylon  
  200  12:56  Protoss Ground Weapons Level 3 (Chrono Boost)  
  200  13:02  Zealot  
  200  13:04  Assimilator  
  200  13:08  Assimilator  
  200  13:09  Protoss Shields Level 1 (Chrono Boost)  
  200  13:18  Nexus  
  200  13:19  Dark Shrine  
  200  13:23  Stargate  
  198  13:27  Photon Cannon  
  198  13:30  Stargate  
  198  13:31  Stargate  
  192  13:38  Stargate  
  178  13:41  Observer  
  178  13:42  Protoss Air Armor Level 1  
  178  13:47  High Templar x5  
  178  13:48  High Templar x4  
  190  13:49  High Templar x3  
  190  13:55  Archon x4  
  198  13:56  Archon x2  
  198  14:01  Photon Cannon  
  198  14:03  Photon Cannon  
  198  14:05  Shield Battery  
  188  14:26  Observer  
  176  14:42  Stalker x6  
  176  14:43  Stalker x4  
  190  15:02  Dark Templar x3  
  190  15:03  Dark Templar  
  198  15:28  Protoss Shields Level 2 (Chrono Boost)  
  198  15:41  Protoss Ground Armor Level 1 (Chrono Boost), Shadow Stride  
  196  16:24  Void Ray x6 (Chrono Boost)  
  168  16:33  Void Ray (Chrono Boost)  
  152  16:44  Dark Templar x4  
  152  16:45  Dark Templar x5  
  170  16:49  Archon x2  
  170  16:50  Archon x2  
  170  16:51  High Templar x2  
  170  16:52  High Templar x3  
  180  16:55  Void Ray x2 (Chrono Boost)  
  180  16:56  Void Ray x2  
  180  17:03  Void Ray  
  180  17:06  Nexus  
  196  17:13  Archon  
  193  17:24  Observer  
  193  17:26  Observer  
  185  17:43  Observer x2  
  187  17:49  Archon  
  187  17:50  Void Ray x3  
  187  17:52  Pylon  
  189  18:26  Void Ray  
  189  18:27  Void Ray x3  
  177  18:28  Void Ray x2  
Show
View Real Time Build Order
Export as new Build Order

Reynor Zerg 

Build Orders: Hatch First, Lurkers 

Get SALT Encoding   

  12  0:00  Drone  
  13  0:12  Overlord  
  13  0:16  Drone  
  14  0:30  Drone x2  
  16  0:48  Drone  
  17  0:54  Drone, Hatchery  
  17  0:58  Drone  
  18  1:09  Extractor  
  17  1:14  Spawning Pool  
  17  1:17  Drone  
  17  1:20  Drone  
  18  1:28  Drone  
  19  1:38  Drone  
  20  1:49  Overlord  
  20  2:01  Queen  
  20  2:05  Queen  
  20  2:06  Drone x2  
  26  2:10  Drone  
  26  2:14  Metabolic Boost  
  27  2:17  Zergling x2  
  27  2:22  Zergling x2  
  29  2:27  Drone  
  30  2:34  Hatchery  
  30  2:36  Drone  
  30  2:42  Queen  
  32  2:47  Overlord  
  32  2:53  Drone x2  
  32  2:56  Drone  
  35  3:04  Zergling x2  
  36  3:06  Drone  
  36  3:07  Queen  
  36  3:11  Overlord  
  39  3:14  Drone x2  
  39  3:19  Queen  
  41  3:23  Drone  
  41  3:26  Overlord  
  44  3:29  Drone  
  44  3:30  Drone  
  44  3:33  Drone  
  48  3:41  Drone  
  48  3:42  Overlord  
  48  3:46  Queen  
  48  3:47  Drone  
  51  3:50  Drone  
  51  3:52  Zergling x2  
  52  3:55  Zergling x2  
  52  3:58  Spore Crawler, Drone x3  
  52  4:01  Drone  
  56  4:06  Spore Crawler, Drone  
  56  4:10  Zergling x2  
  55  4:20  Drone x3  
  56  4:25  Spore Crawler  
  56  4:26  Spore Crawler  
  56  4:27  Drone x5  
  56  4:31  Drone x4  
  65  4:35  Queen  
  67  4:39  Overlord  
  67  4:40  Drone  
  67  4:43  Drone  
  69  4:51  Drone  
  69  4:52  Drone  
  71  4:54  Drone  
  71  4:56  Hatchery  
  71  4:58  Roach Warren  
  71  4:59  Drone x2  
  71  5:01  Drone  
  71  5:03  Drone  
  71  5:06  Drone x3  
  76  5:11  Lair  
  76  5:13  Extractor, Evolution Chamber  
  74  5:15  Drone x3  
  74  5:16  Drone  
  74  5:18  Drone  
  74  5:19  Drone  
  74  5:20  Drone  
  81  5:25  Overlord  
  81  5:31  Overlord  
  81  5:39  Overlord  
  81  5:43  Zerg Missile Weapons Level 1, Queen  
  81  5:44  Drone x7  
  90  5:51  Extractor x2, Spore Crawler  
  90  5:52  Extractor  
  90  5:53  Overlord, Drone x4, Queen, Extractor  
  90  5:58  Zergling x2  
  90  6:07  Overlord, Drone x3  
  90  6:08  Queen  
  94  6:14  Drone x4  
  94  6:15  Drone x2  
  94  6:16  Overseer  
  100  6:19  Drone x2  
  100  6:20  Queen  
  100  6:23  Overlord  
  104  6:26  Drone x4  
  104  6:28  Drone  
  104  6:29  Queen  
  111  6:34  Overseer, Pneumatized Carapace  
  111  6:36  Overlord  
  111  6:42  Drone  
  111  6:43  Drone x4  
  111  6:44  Spore Crawler  
  111  6:45  Spore Crawler  
  111  6:46  Glial Reconstitution  
  114  6:47  Queen  
  114  6:50  Overlord  
  114  6:53  Drone  
  114  6:54  Drone  
  118  6:57  Infestation Pit  
  118  7:00  Overlord  
  117  7:04  Roach x2  
  117  7:05  Roach x5  
  117  7:08  Roach x4  
  138  7:11  Overlord  
  137  7:18  Drone x5  
  137  7:20  Overlord  
  137  7:21  Extractor, Queen x2  
  137  7:22  Extractor  
  144  7:27  Overlord  
  144  7:33  Queen, Hive  
  144  7:35  Overlord  
  146  7:41  Drone x2  
  148  7:44  Zerg Ground Armor Level 1  
  148  7:45  Drone, Evolution Chamber, Hatchery  
  148  7:46  Spore Crawler  
  148  7:47  Drone  
  148  7:48  Hydralisk Den  
  146  7:52  Overlord  
  146  7:54  Overseer  
  146  8:00  Queen  
  146  8:03  Infestor x4  
  156  8:09  Queen  
  156  8:12  Drone x5  
  163  8:13  Drone x3  
  163  8:15  Zerg Missile Weapons Level 2  
  163  8:18  Drone x2  
  163  8:19  Spore Crawler x3  
  164  8:21  Spore Crawler, Drone  
  164  8:22  Spore Crawler x2  
  164  8:23  Lurker Den  
  164  8:24  Spore Crawler  
  160  8:29  Drone x2  
  160  8:34  Queen  
  164  8:48  Viper x3  
  167  8:49  Overlord x2  
  167  8:52  Adrenal Glands  
  167  8:53  Hydralisk  
  175  8:56  Extractor  
  175  8:57  Drone x4  
  175  8:58  Hatchery  
  175  8:59  Hydralisk x2, Extractor, Spore Crawler  
  175  9:00  Spore Crawler  
  178  9:09  Muscular Augments  
  177  9:20  Hydralisk x2  
  177  9:21  Hydralisk  
  183  9:25  Spore Crawler  
  182  9:34  Drone x4  
  186  9:42  Drone x2  
  186  9:43  Spore Crawler, Zerg Ground Armor Level 2  
  186  9:44  Spine Crawler, Spore Crawler, Spire  
  186  9:45  Spore Crawler, Drone  
  185  9:46  Spine Crawler, Spore Crawler x3, Spire  
  185  9:47  Lurker x3  
  185  9:48  Spine Crawler, Seismic Spines  
  185  9:49  Spine Crawler, Lurker  
  181  9:56  Drone x3  
  181  9:57  Lurker x2  
  181  9:58  Spore Crawler x2  
  184  10:11  Spore Crawler x2, Drone x2, Infestor  
  184  10:12  Spore Crawler  
  184  10:13  Drone x2  
  187  10:18  Spore Crawler  
  187  10:19  Spore Crawler  
  185  10:22  Spore Crawler  
  185  10:24  Extractor  
  185  10:25  Drone x4  
  187  10:36  Spore Crawler  
  187  10:37  Spore Crawler  
  187  10:38  Spore Crawler x2  
  187  10:39  Spore Crawler x2  
  181  10:47  Drone x2  
  181  10:49  Zerg Melee Weapons Level 1  
  183  11:01  Drone x10  
  183  11:02  Drone  
  183  11:03  Zerg Flyer Armor Level 1, Zerg Flyer Weapons Level 1  
  194  11:32  Spore Crawler x2  
  192  11:34  Spore Crawler  
  192  11:36  Extractor  
  192  11:37  Extractor  
  189  11:41  Zergling x20  
  189  11:43  Ultralisk Cavern  
  189  11:45  Baneling Nest  
  197  11:47  Spore Crawler, Drone x3  
  199  12:05  Zerg Ground Armor Level 3  
  199  12:08  Adaptive Talons  
  199  12:11  Pathogen Glands  
  199  12:22  Spore Crawler x3  
  197  12:24  Spore Crawler  
  195  12:32  Hatchery  
  194  13:02  Zerg Flyer Armor Level 2, Zerg Flyer Weapons Level 2  
  190  13:07  Neural Parasite  
  190  13:09  Ultralisk, Chitinous Plating  
  190  13:10  Centrifugal Hooks  
  196  13:13  Drone x3  
  196  13:16  Spore Crawler  
  196  13:18  Spore Crawler  
  170  13:47  Corruptor, Ultralisk x2  
  170  13:48  Corruptor x12  
  188  13:54  Zergling x6  
  185  14:24  Ultralisk x2  
  185  14:25  Corruptor x3  
  198  14:37  Corruptor x12  
  194  14:41  Ultralisk  
  183  14:49  Ultralisk  
  183  14:50  Ultralisk x2  
  183  14:53  Corruptor x4  
  183  14:57  Infestor x3  
  181  15:01  Ultralisk x2  
  181  15:03  Overlord x2  
  181  15:06  Overlord x5  
  174  15:17  Overlord x2  
  172  15:23  Viper x4  
  172  15:26  Viper x3  
  191  15:37  Drone x2  
  191  15:38  Drone x4  
  189  15:49  Spawning Pool  
  119  16:41  Drone x7  
  119  16:44  Lair  
  119  16:45  Zergling x16  
  119  16:47  Zergling x14  
  141  16:55  Hatchery  
  141  17:01  Drone x3, Queen  
  145  17:12  Zergling x6  
  145  17:47  Infestation Pit  
  145  17:49  Spire  
  145  17:50  Queen  
  145  17:52  Drone x6  
  145  17:53  Drone x3  
  154  18:07  Queen  
  149  18:22  Zergling x20  
  131  18:36  Overlord x3  
  118  18:48  Overlord x2  
  106  18:50  Overlord  
Tags
 
Add a new tag
Caveats
  • Supply blocks, unpowered buildings, or Contaminate may cause inaccurate times.
  • Supply counts are checked every 10 seconds.